Map: [ESL] Waterfall

Players

Cham - Winner!

  • Race: Zerg Zerg
  • Spawn Location: 7:00

SpeCial

  • Race: Terran Terran
  • Spawn Location: 1:00

Event: DreamHack SC2 Masters 2022 Atlanta (Online)

VOD

Have the link to the VOD?

Description

Time

  • Played on: Oct. 2, 2022, 5:27 p.m.
  • Length: 15:53

All games in this series

Show
View Real Time Build Order
Export as new Build Order

Cham Zerg - Winner!

Build Orders: Hatch First 

Get SALT Encoding   

  12  0:00  Drone  
  13  0:09  Drone  
  14  0:17  Overlord  
  14  0:35  Drone x2  
  16  0:47  Hatchery  
  15  0:51  Drone  
  15  0:56  Drone  
  17  0:58  Drone  
  18  1:11  Spawning Pool  
  18  1:13  Extractor  
  18  1:17  Drone  
  17  1:20  Drone  
  18  1:29  Drone  
  20  1:40  Drone  
  20  1:50  Drone  
  21  1:59  Queen x2  
  21  2:00  Zergling x2  
  27  2:01  Zergling x2  
  27  2:10  Drone  
  27  2:12  Overlord  
  28  2:30  Hatchery  
  28  2:32  Drone  
  28  2:34  Drone x2  
  30  2:41  Queen  
  32  2:46  Overlord  
  32  2:53  Drone x2  
  32  2:55  Drone  
  32  2:56  Drone  
  36  2:59  Metabolic Boost  
  36  3:05  Drone  
  36  3:06  Drone  
  36  3:10  Drone x2  
  36  3:11  Drone  
  41  3:18  Queen  
  43  3:21  Overlord  
  43  3:25  Overlord  
  43  3:39  Queen  
  43  3:40  Drone  
  46  3:41  Zergling x2  
  46  3:42  Zergling x4  
  46  3:43  Drone x3  
  46  3:46  Queen  
  54  3:49  Drone  
  56  3:55  Drone x2  
  56  3:56  Drone  
  56  3:58  Queen  
  60  4:09  Drone  
  62  4:10  Drone x5  
  62  4:13  Overlord  
  62  4:14  Overlord  
  66  4:24  Overlord x2  
  66  4:31  Queen  
  70  4:32  Drone x4  
  70  4:34  Drone x5  
  70  4:37  Spore Crawler  
  76  4:40  Lair  
  76  4:41  Extractor  
  75  4:47  Roach Warren  
  75  4:49  Drone  
  75  4:51  Spore Crawler x2  
  73  4:55  Drone, Extractor x2  
  73  4:56  Drone x3, Extractor x2  
  73  4:59  Drone x2  
  75  5:03  Drone  
  76  5:07  Overlord  
  76  5:09  Drone x2  
  76  5:10  Drone x2  
  76  5:12  Drone x3  
  83  5:16  Drone x2  
  83  5:17  Drone  
  83  5:18  Drone  
  87  5:26  Evolution Chamber  
  87  5:27  Evolution Chamber  
  84  5:40  Drone  
  84  5:41  Drone x2  
  87  5:47  Roach x3  
  87  5:48  Roach x3  
  99  5:50  Roach  
  99  5:52  Drone x2  
  99  5:53  Drone, Overlord  
  104  5:57  Overseer, Hatchery  
  104  6:00  Overlord  
  104  6:03  Zerg Ground Armor Level 1, Zerg Missile Weapons Level 1  
  103  6:05  Overlord  
  103  6:07  Roach  
  105  6:13  Overlord  
  105  6:18  Roach x4  
  113  6:22  Overlord x2  
  113  6:23  Roach x2  
  113  6:24  Roach  
  119  6:27  Roach x2  
  119  6:30  Roach x2  
  125  6:33  Overlord  
  125  6:36  Overlord  
  125  6:41  Drone  
  125  6:42  Baneling Nest  
  125  6:46  Roach x3  
  125  6:47  Roach  
  130  6:48  Drone x3  
  130  6:54  Ravager x4  
  137  6:55  Drone  
  137  6:58  Drone  
  137  7:03  Spore Crawler x2  
  135  7:09  Roach x2  
  135  7:10  Drone x2, Roach  
  135  7:11  Drone x5  
  148  7:16  Glial Reconstitution  
  148  7:20  Drone x3  
  149  7:27  Drone x3  
  149  7:29  Drone x2  
  154  7:31  Zergling x4  
  154  7:34  Zergling x8  
  160  7:40  Zergling x2  
  160  7:42  Overlord  
  161  7:46  Hatchery  
  161  7:48  Spore Crawler, Drone x2  
  161  7:50  Spore Crawler, Drone, Centrifugal Hooks  
  161  7:51  Zergling x2  
  161  7:52  Zergling x10  
  161  7:53  Infestation Pit  
  161  7:56  Zergling x2  
  161  7:58  Zerg Ground Armor Level 2  
  167  7:59  Zerg Melee Weapons Level 1  
  167  8:00  Zergling x4  
  169  8:07  Zergling x8  
  169  8:12  Overlord  
  164  8:14  Zergling x14  
  164  8:19  Overlord  
  171  8:24  Zergling x6  
  174  8:30  Zergling x2  
  175  8:36  Baneling x2  
  175  8:37  Baneling x2  
  175  8:41  Zergling x14  
  177  8:43  Baneling x9  
  177  8:45  Hive  
  182  8:49  Zergling x14  
  179  9:02  Zergling x2, Roach x4  
  177  9:06  Drone x2  
  177  9:07  Drone  
  180  9:10  Zergling x2  
  180  9:11  Zergling x8  
  183  9:17  Zergling x10  
  183  9:18  Zergling x12  
  183  9:24  Overlord  
  194  9:29  Drone  
  194  9:30  Zergling x8  
  199  9:34  Overlord  
  199  9:38  Hatchery, Overlord  
  198  9:40  Baneling x2  
  198  9:41  Baneling x3  
  198  9:48  Baneling x15  
  198  9:51  Zergling x2  
  199  9:54  Baneling x2  
  198  10:00  Zergling x2  
  196  10:12  Zergling x6  
  196  10:13  Zergling x14  
  196  10:29  Zergling x8, Spore Crawler  
  196  10:31  Hatchery  
  196  10:34  Drone  
  199  10:35  Spine Crawler  
  199  10:37  Adrenal Glands  
  199  10:38  Zerg Melee Weapons Level 2, Zerg Ground Armor Level 3, Ultralisk Cavern  
  199  10:39  Spore Crawler  
  199  10:41  Extractor  
  195  10:43  Extractor  
  195  10:49  Zergling x22  
  184  10:58  Zergling x20  
  185  11:06  Zergling x6  
  185  11:07  Zergling x4  
  173  11:11  Zergling x2  
  173  11:12  Zergling x12  
  151  11:26  Zergling x14  
  140  11:33  Drone x2  
  140  11:34  Drone  
  140  11:35  Chitinous Plating  
  141  11:42  Ultralisk x4  
  164  11:47  Drone  
  164  11:48  Spire  
  164  11:49  Zergling x8  
  168  11:54  Baneling  
  168  11:55  Baneling x8  
  168  11:56  Baneling x6  
  168  11:57  Ultralisk x2  
  168  11:58  Zergling x6  
  168  12:00  Zergling x2  
  184  12:06  Zergling x8  
  188  12:09  Overseer  
  188  12:13  Drone  
  188  12:14  Drone x4  
  184  12:18  Drone x3  
  184  12:19  Drone x2  
  184  12:20  Overlord  
  181  12:25  Drone x3  
  181  12:26  Spine Crawler  
  181  12:28  Spore Crawler  
  182  12:32  Baneling x3  
  182  12:33  Zergling x18, Baneling x2  
  182  12:34  Baneling  
  182  12:35  Baneling x2  
  191  12:38  Spore Crawler  
  191  12:43  Zergling x16  
  198  12:46  Baneling x5  
  198  12:47  Baneling x3  
  194  12:54  Anabolic Synthesis  
  151  13:07  Zergling x4  
  151  13:08  Zergling x20  
  151  13:10  Zergling x8  
  164  13:14  Zergling x2  
  164  13:16  Zergling x4  
  164  13:18  Zergling x2  
  158  13:24  Zergling x8  
  158  13:25  Baneling x7  
  158  13:26  Zergling x2, Baneling x3  
  152  13:30  Zergling x2  
  152  13:31  Zergling x2  
  154  13:36  Zergling x2  
  154  13:37  Zergling x6  
  154  13:39  Baneling x10  
  160  13:41  Ravager x3  
  160  13:42  Zergling x4  
  160  13:43  Zergling x2  
  160  13:46  Corruptor, Baneling x15  
  160  13:47  Corruptor x2  
  170  13:48  Zergling x2  
  170  13:55  Ultralisk  
  164  13:56  Zergling x4  
  164  13:57  Zergling x2  
  164  13:59  Queen, Drone x2  
  164  14:00  Drone x3  
  164  14:02  Drone  
  169  14:11  Zergling x22  
  169  14:16  Zergling x2  
  178  14:25  Zergling x10  
  147  14:33  Ultralisk x3  
  147  14:35  Zergling x4  
  147  14:36  Zergling x2  
  154  14:39  Baneling x11  
  154  14:40  Zergling x22  
  154  14:44  Zergling x2  
  160  14:46  Zergling x2  
  160  14:49  Zergling x2  
  162  14:55  Baneling x10  
  162  14:57  Zergling x14  
  157  15:03  Zergling x2  
  157  15:04  Zergling x12  
  160  15:11  Zergling x14  
  166  15:14  Ultralisk  
  163  15:24  Zergling x4  
  163  15:26  Baneling x4  
  163  15:27  Baneling x6  
  163  15:28  Zergling x18  
  160  15:29  Zergling x2  
  160  15:33  Zergling x4  
Show
View Real Time Build Order
Export as new Build Order

SpeCial Terran 

Build Orders: Reaper Expand, Banshee Rush 

Get SALT Encoding   

  12  0:00  SCV  
  13  0:12  SCV  
  14  0:17  Supply Depot  
  14  0:24  SCV  
  15  0:39  SCV, Barracks  
  16  0:43  Refinery  
  16  0:51  SCV  
  17  1:03  SCV  
  18  1:15  SCV  
  19  1:27  Reaper, Orbital Command  
  20  1:40  Command Center  
  20  1:49  Supply Depot  
  20  1:53  SCV  
  21  1:59  Marine  
  22  2:05  SCV  
  23  2:10  Factory  
  23  2:17  Refinery  
  23  2:18  SCV  
  23  2:19  Barracks Tech Lab  
  24  2:30  SCV  
  25  2:42  SCV  
  26  2:52  Orbital Command  
  26  2:54  SCV  
  26  2:55  Hellion, Starport, Marine  
  30  3:06  SCV  
  31  3:12  Marine  
  31  3:17  SCV  
  31  3:18  SCV  
  34  3:26  Supply Depot  
  34  3:29  SCV  
  34  3:30  SCV  
  34  3:32  Banshee, Cloaking Field  
  39  3:36  Barracks Tech Lab  
  39  3:42  SCV x2  
  41  3:52  Command Center  
  41  3:54  SCV  
  42  3:59  Marine  
  42  4:00  SCV  
  44  4:05  Stimpack  
  44  4:06  SCV  
  44  4:08  Supply Depot  
  44  4:12  SCV  
  44  4:13  Factory Reactor  
  44  4:14  Supply Depot  
  45  4:17  Banshee  
  45  4:18  SCV  
  49  4:24  SCV, Marine  
  49  4:30  SCV  
  52  4:32  Barracks  
  52  4:36  SCV  
  53  4:42  SCV, Marine  
  53  4:43  Barracks  
  55  4:48  SCV  
  53  4:54  SCV  
  53  4:55  Refinery  
  53  4:56  Engineering Bay, Refinery  
  54  5:00  Engineering Bay, SCV, Factory Reactor  
  54  5:02  Marine  
  54  5:05  Orbital Command  
  54  5:06  SCV  
  57  5:12  SCV  
  57  5:13  Starport Reactor  
  58  5:18  SCV  
  58  5:20  Marine  
  60  5:24  SCV  
  61  5:30  SCV  
  61  5:33  Terran Infantry Armor Level 1, Terran Infantry Weapons Level 1  
  62  5:37  SCV  
  62  5:38  Barracks  
  62  5:40  Orbital Command  
  63  5:43  Marine  
  63  5:44  Marine x4  
  63  5:45  Factory Reactor  
  63  5:48  Supply Depot, Combat Shield  
  68  5:50  Medivac x2  
  68  5:51  SCV  
  68  5:52  SCV  
  74  6:01  Marine x3  
  74  6:02  Barracks  
  74  6:04  SCV x2  
  79  6:05  SCV  
  79  6:08  Barracks, Marine x2  
  79  6:11  Supply Depot  
  82  6:16  SCV x2  
  82  6:17  SCV  
  85  6:19  Marine x3  
  85  6:23  Medivac x2  
  92  6:26  Marine  
  92  6:31  SCV  
  92  6:32  SCV, Marine  
  97  6:33  Marauder  
  97  6:35  SCV  
  97  6:38  Supply Depot  
  97  6:39  Supply Depot  
  99  6:40  Siege Tank  
  99  6:43  Marine x2  
  99  6:46  Armory  
  101  6:50  Barracks Tech Lab  
  101  6:59  SCV, Medivac x2, Marine x2  
  101  7:00  SCV x2  
  109  7:03  Marauder, Marine x3  
  109  7:04  Marine  
  115  7:08  Bunker  
  115  7:11  Marauder  
  115  7:12  Bunker  
  117  7:19  Marine  
  117  7:20  SCV  
  117  7:21  Marine x2  
  117  7:24  Supply Depot, Marine  
  117  7:25  Supply Depot  
  117  7:27  SCV x2, Siege Tank  
  117  7:29  Marine  
  125  7:30  Marauder  
  125  7:37  Terran Infantry Weapons Level 2  
  125  7:46  SCV, Marine x3  
  125  7:49  Refinery  
  125  7:51  Refinery  
  130  7:54  Marine x3  
  130  7:58  Marauder  
  134  7:59  Marauder  
  134  8:00  SCV x3  
  134  8:03  Supply Depot, Marine  
  134  8:05  Command Center  
  140  8:09  Siege Tank  
  140  8:12  Marine  
  141  8:17  Supply Depot  
  141  8:21  Sensor Tower  
  141  8:24  Medivac x2, Marine x2  
  141  8:25  Marauder  
  149  8:39  SCV x3, Marine x3  
  155  8:42  Factory  
  155  8:45  Missile Turret  
  155  8:46  Marauder  
  157  8:49  Marine  
  157  8:52  Marine x2  
  157  8:53  SCV  
  157  8:54  Marine  
  155  8:55  Medivac, Siege Tank  
  155  8:57  Marauder  
  155  8:58  Medivac  
  155  8:59  Marine  
  155  9:02  SCV  
  153  9:04  Marine  
  153  9:07  Marine  
  153  9:08  Terran Infantry Armor Level 2, Marauder  
  155  9:10  Marine x2  
  155  9:16  SCV x2, Marine  
  160  9:18  Planetary Fortress  
  160  9:19  Marauder  
  160  9:20  SCV  
  160  9:23  Marine x2  
  165  9:25  Marine  
  165  9:28  Marine x2  
  165  9:29  Supply Depot, Marauder  
  170  9:33  Supply Depot  
  170  9:34  Marine  
  170  9:38  Factory Tech Lab  
  171  9:41  Marine  
  171  9:42  Sensor Tower  
  171  9:45  Concussive Shells  
  172  9:50  Marauder x2, Marine x4  
  180  9:52  Supply Depot  
  180  9:53  Supply Depot  
  180  9:54  Siege Tank, Marine  
  180  9:58  Marine  
  182  10:03  Supply Depot  
  180  10:08  Marine x3  
  180  10:10  Siege Tank  
  180  10:12  Marauder  
  180  10:13  SCV  
  188  10:14  Marauder  
  188  10:20  Barracks  
  190  10:23  Barracks  
  190  10:31  Siege Tank  
  190  10:33  Terran Infantry Weapons Level 3  
  193  10:36  Command Center  
  193  10:42  Siege Tank  
  196  10:45  Marauder, Marine  
  196  10:47  Medivac  
  193  10:51  Marine  
  193  10:52  Ghost Academy, Marauder  
  183  11:00  Marine  
  183  11:04  Siege Tank, Marine  
  185  11:07  Marauder  
  185  11:09  Marine x2  
  163  11:13  Marauder  
  163  11:14  Siege Tank  
  167  11:20  Marine  
  167  11:24  Marine  
  147  11:28  SCV x2, Marauder  
  147  11:29  Marine x4  
  147  11:31  Barracks Reactor, Barracks Tech Lab  
  153  11:34  SCV, Marauder  
  153  11:36  Siege Tank  
  153  11:37  Marine  
  153  11:39  Liberator  
  163  11:40  SCV  
  163  11:42  Marine  
  163  11:46  SCV x2, Siege Tank  
  167  11:47  Marine  
  167  11:48  Refinery  
  167  11:49  Refinery, Marauder  
  167  11:51  Refinery  
  170  11:56  Marauder  
  170  11:57  Marine  
  170  11:58  Marauder  
  175  12:02  Marine x2  
  175  12:03  Marine x2  
  175  12:05  Marine  
  175  12:07  Liberator  
  182  12:10  Siege Tank  
  182  12:11  Marauder  
  182  12:13  Marine  
  182  12:14  Marine  
  185  12:21  Siege Tank  
  181  12:27  Marine x3  
  185  12:30  SCV x3  
  185  12:32  Terran Infantry Armor Level 3, Sensor Tower  
  184  12:42  Supply Depot x2, SCV  
  185  12:48  Ghost  
  185  12:49  Marine x2, Ghost  
  185  12:50  Marine  
  169  12:58  Marine x2  
  169  12:59  Marauder  
  169  13:00  Siege Tank  
  133  13:05  Liberator  
  133  13:10  Marine  
  133  13:12  Marine  
  119  13:13  Siege Tank  
  119  13:18  Marauder x2, Marine  
  114  13:20  Marauder  
  114  13:23  Marine  
  114  13:26  SCV  
  111  13:32  Marine  
  112  13:39  Marauder, Ghost  
  112  13:40  Marine x2  
  118  13:48  Marine  
  118  13:55  Siege Tank  
  122  13:57  Siege Tank  
  125  14:02  Ghost  
  125  14:03  Marine  
  125  14:04  Marine x2  
  130  14:10  Marine  
  130  14:11  Marine  
  130  14:12  Marine  
  130  14:15  SCV x2  
  135  14:17  Ghost  
  137  14:24  Marine  
  137  14:25  Marauder  
  126  14:33  Marine  
  126  14:34  Marauder  
  126  14:36  Siege Tank  
  122  14:42  Marine  
  121  14:46  Marauder  
  121  14:48  Marine  
  123  15:01  Orbital Command  
  120  15:12  Marine  
  120  15:13  Siege Tank  
  104  15:28  Factory Reactor  
Tags
 
Add a new tag
Caveats
  • Supply blocks, unpowered buildings, or Contaminate may cause inaccurate times.
  • Supply counts are checked every 10 seconds.